AoeStats
← mark_aoe_2024

Fortress

509938357Analyzed
4v4 RM · 5d ago on Sep 28, 2026· 38m 1s· 8 players
Game mode
Random Map
Map size
Huge
Population
200
Speed
Normal
Resources
Standard
Victory
Conquest
Starting age
Dark Age
Ending age
Imperial Age
RankedLock teamsTeams togetherTeam positionsShared explorationLock speedFull tech treeHidden civsTurbo modeCheats
Victory
Defeat
🇩🇪 Bohemians · Germany
1437
+7
🇦🇹 Huns · Austria
1271
+13
🇩🇪 Vietnamese · Germany
1148
+18
🇩🇪 Romans · Germany
1100
+20
🇫🇷 Franks · France
1235
-16
🇺🇸 Persians · United States
1232
-16
🇧🇪 Magyars · Belgium
1200
-14
🇬🇧 Wu · United Kingdom
1154
-12
BigFreak
0:42 Loom
8:34 Feudal Age
14:04 Castle Age
12:09 Double-Bit Axe
12:26 Gold Mining
18:12 Wheelbarrow
17:24 Town Watch
18:00 Bow Saw
21:17 Gold Shaft Mining
22:21 Forging
22:22 Scale Barding Armor
23:40 Iron Casting
24:07 Hand Cart
24:27 Chain Barding Armor
24:10 Husbandry
32:01 Imperial Age
32:21 Town Patrol
32:12 Cavalier
33:58 Blast Furnace
33:38 Plate Barding Armor
Husain Bolt
8:57 Feudal Age
10:43 Horse Collar
10:50 Double-Bit Axe
11:10 Loom
14:06 Castle Age
13:19 Gold Mining
14:03 Fletching
15:07 Bow Saw
16:36 Heavy Plow
18:50 Bodkin Arrow
20:17 Gold Shaft Mining
21:57 Wheelbarrow
21:16 Town Watch
21:41 Red Cliffs Tactics
23:30 Padded Archer Armor
24:34 Hand Cart
27:25 Imperial Age
26:10 Ballistics
28:32 Bracer
29:32 Chemistry
29:46 Leather Archer Armor
29:52 Pikeman
31:00 Masonry
30:47 Halberdier
32:05 Conscription
31:46 Sitting Tiger
32:46 Architecture
32:39 Scale Mail Armor
32:50 Forging
32:35 Stone Mining
mark_aoe_2024
8:06 Feudal Age
12:15 Castle Age
11:01 Double-Bit Axe
11:01 Horse Collar
12:32 Loom
13:27 Bow Saw
13:45 Heavy Plow
21:07 Gold Mining
22:20 Wheelbarrow
22:15 Town Watch
25:01 Hand Cart
24:35 Pikeman
25:16 Squires
28:44 Imperial Age
26:37 Scale Mail Armor
27:18 Forging
28:29 Chain Mail Armor
29:13 Murder Holes
29:39 Ballistics
28:53 Halberdier
30:18 Conscription
30:36 Hoardings
30:13 Citadels
31:31 Plate Mail Armor
31:37 Iron Casting
32:29 Chemistry
31:53 Bloodlines
33:20 Two-Man Saw
32:51 Fletching
34:47 Blast Furnace
34:01 Husbandry
33:22 Light Cavalry
34:22 Masonry
34:10 Bodkin Arrow
34:44 Kamandaran
37:28 Architecture
in'Thomas
0:29 Loom
7:49 Feudal Age
8:00 Feudal Age
8:25 Horse Collar
8:31 Double-Bit Axe
13:08 Castle Age
14:19 Bow Saw
14:10 Heavy Plow
15:03 Wheelbarrow
18:31 Town Watch
19:25 Hand Cart
21:58 Gold Mining
22:02 Stone Mining
24:07 Gold Shaft Mining
24:17 Town Patrol
24:43 Ballistics
24:19 Murder Holes
29:03 Imperial Age
27:00 Fletching
27:10 Padded Archer Armor
27:22 Bloodlines
27:44 Bodkin Arrow
28:03 Thumb Ring
28:32 Leather Archer Armor
28:29 Masonry
29:07 Heavy Cavalry Archer
30:14 Parthian Tactics
30:21 Ring Archer Armor
29:52 Bracer
32:08 Conscription
33:36 Chemistry
32:42 Siege Engineers
33:30 Recurve Bow
33:33 Corvinian Army
34:09 Hoardings
34:52 Scale Barding Armor
36:57 Chain Barding Armor
feber
8:14 Feudal Age
6:38 Loom
12:41 Castle Age
11:10 Double-Bit Axe
11:49 Horse Collar
19:40 Bow Saw
19:56 Heavy Plow
25:18 Imperial Age
23:48 Scale Barding Armor
23:55 Forging
23:39 Light Cavalry
24:29 Bloodlines
24:56 Marauders
25:29 Elite Tarkan
26:30 Husbandry
28:14 Chain Barding Armor
31:24 Plate Barding Armor
31:24 Iron Casting
31:18 Conscription
30:53 Gold Mining
33:31 Pikeman
37:03 Guilds
39:03 Blast Furnace
Fastfoxy
8:25 Feudal Age
12:04 Castle Age
10:02 Double-Bit Axe
10:15 Horse Collar
16:17 Gold Mining
16:21 Stone Mining
18:42 Heavy Plow
18:56 Bow Saw
19:40 Loom
20:37 Wheelbarrow
19:51 Town Watch
21:31 Stone Shaft Mining
23:54 Husbandry
24:05 Bloodlines
24:00 Chatras
25:25 Scale Barding Armor
25:31 Forging
29:47 Imperial Age
29:21 Elite Skirmisher
30:40 Iron Casting
30:26 Chain Barding Armor
31:10 Elite Battle Elephant
32:15 Paper Money
33:11 Plate Barding Armor
36:59 Fletching
37:13 Padded Archer Armor
36:35 Imperial Skirmisher
37:22 Thumb Ring
DrOhne (Tai)
8:12 Feudal Age
13:33 Castle Age
11:26 Double-Bit Axe
14:37 Bow Saw
14:13 Horse Collar
16:12 Wheelbarrow
18:28 Gold Mining
18:58 Hand Cart
21:08 Gold Shaft Mining
24:56 Imperial Age
22:56 Scale Mail Armor
23:06 Forging
22:45 Loom
22:46 Town Watch
23:24 Man-at-Arms
24:05 Squires
24:58 Town Patrol
24:23 Long Swordsman
25:20 Chain Mail Armor
25:41 Iron Casting
27:09 Legionary
28:52 Blast Furnace
29:15 Heavy Plow
28:45 Pikeman
29:50 Conscription
29:36 Halberdier
36:02 Fletching
36:13 Padded Archer Armor
36:01 Elite Skirmisher
Groot123
7:13 Feudal Age
11:10 Castle Age
8:59 Double-Bit Axe
9:30 Horse Collar
12:01 Bow Saw
13:04 Heavy Plow
15:14 Loom
16:15 Loom
17:27 Wheelbarrow
18:59 Fervor
18:54 Town Watch
24:22 Imperial Age
23:01 Hand Cart
23:50 Chemistry
24:33 Padded Archer Armor
25:19 Masonry
25:34 Leather Archer Armor
25:53 Pikeman
27:23 Fortified Wall
27:37 Leather Archer Armor
27:55 Caravan
28:10 Scale Mail Armor
28:12 Squires
29:08 Ring Archer Armor
29:18 Halberdier
30:15 Chain Mail Armor
32:24 Conscription
32:26 Houfnice
33:11 Fletching
33:52 Plate Mail Armor
35:34 Forging
37:40 Iron Casting
37:23 Town Patrol
38:27 Two-Man Saw
37:58 Siege Engineers
38:25 Wagenburg Tactics
Connection lost

Rejoining the realm…

Still unreachable

The connection could not be restored.

Session expired

The server has moved on; the page needs a fresh start.